 Dungeon Crawl Stone Soup version 0.26-a0-631-ged93497179 (webtiles) character file.

Game seed: 17278051263179932409

30 Drevant2 the Firebug (level 3, 0/28 HPs)
             Began as a Naga Fire Elementalist on Sept 13, 2020.
             Slain by a kobold
             ... wielding a +0 dagger
              (3 damage)
             ... on level 2 of the Dungeon.
             The game lasted 00:05:51 (1038 turns).

Drevant2 the Firebug (Naga Fire Elementalist)       Turns: 1038, Time: 00:05:51

Health: 0/28       AC:  2    Str:  7 (10) XL:     3   Next: 18%
Magic:  2/6        EV: 10    Int: 15 (16) God:
Gold:   113        SH:  0    Dex:  9 (11) Spells: 2/6 levels left

rFire    . . .     SeeInvis +   g - +0 hand axe (vorpal)
rCold    . . .     Faith    .   (no shield)
rNeg     . . .     Spirit   .   a - +0 robe
rPois    +         Reflect  .   (no helmet)
rElec    .         Harm     .   (no cloak)
rCorr    .         Rampage  .   (no gloves)
MR       .....                  (no barding)
Stlth    ++........             (no amulet)
HPRegen  0.09/turn              (no ring)
MPRegen  0.10/turn              (no ring)

@: hasted, quick
A: large, see invisible, deformed body, poison resistance, slowness 2, spit
poison 1, AC +1
a: Spit Poison


You were on level 2 of the Dungeon.
You visited 1 branch of the dungeon, and saw 2 of its levels.

You collected 113 gold pieces.

Inventory:

Hand Weapons
 g - a +0 vorpal hand axe (weapon)
Armour
 a - a +0 robe (worn)
Scrolls
 b - 3 scrolls of remove curse {unknown}
 c - 2 scrolls of identify {unknown}
 e - a scroll of teleportation {unknown}


   Skills:
 - Level 1.5 Dodging
 - Level 3.0 Stealth
 - Level 2.0 Spellcasting
 + Level 1.8 Conjurations
 * Level 3.9 Fire Magic


You had 2 spell levels left.
You knew the following spells:

 Your Spells              Type           Power        Failure   Level
a - Foxfire               Conj/Fire      ##..         7%          1
b - Conjure Flame         Conj/Fire      ##......     21%         3

Your spell library contained the following spells:

 Spells                   Type           Power        Failure   Level
 Inner Flame              Hex/Fire       #.......     30%         3
 Sticky Flame             Conj/Fire      ##......     56%         4
 Fireball                 Conj/Fire      ##........   88%         5


Dungeon Overview and Level Annotations

Branches:
Dungeon (2/15)

Altars:


Innate Abilities, Weirdness & Mutations

You cannot wear boots.
Your serpentine skin is tough. (AC +1)
You have supernaturally acute eyesight. (SInv)
Armour fits poorly on your strangely shaped body.
Your system is resistant to poisons. (rPois)
You cover ground very slowly.
You can spit poison.


Message History

The giant cockroach barely misses you.
You hit the giant cockroach but do no damage.
The giant cockroach is severely wounded.
The giant cockroach closely misses you.
Casting: Foxfire (safe; 7% risk of failure)
Confirm with . or Enter, or press ? or * to list all spells.
You conjure some foxfire!
The giant cockroach closely misses you.
You hit the giant cockroach.
You kill the giant cockroach!
The foxfire hits the kobold.
The kobold is heavily wounded.
Casting: Foxfire (safe; 7% risk of failure)
Confirm with . or Enter, or press ? or * to list all spells.
You conjure some foxfire!
The kobold barely misses you.
Your foxfire dissipates!
You aren't carrying any potions.
You hit the kobold but do no damage.
The kobold is heavily wounded.
The kobold hits you with a +0 dagger.
You die...
P

# ....# .. #.
..#.# #
r..#.##...#.#
..........#.#).
.............
#......# #<..#
#.########..#
.....).K@>..#
.##########.#
.# ##


You could see a kobold.

Vanquished Creatures
  2 dart slugs (D:1)
  A leopard gecko (D:1)
  3 giant cockroaches
  6 goblins (D:1)
  2 hobgoblins (D:1)
  3 kobolds
  3 bats (D:1)
  A frilled lizard (D:1)
  2 rats (D:1)
23 creatures vanquished.

Vanquished Creatures (others)
  48 foxfires
48 creatures vanquished.

Grand Total: 71 creatures vanquished

Notes
Turn   | Place    | Note
-------+----------+-------------------------------------------
     0 | D:1      | Drevant2 the Naga Fire Elementalist began the quest for the
                  | Orb.
     0 | D:1      | Reached XP level 1. HP: 15/15 MP: 3/3
     1 | D:1      | Found a runed translucent door.
   335 | D:1      | Reached XP level 2. HP: 22/22 MP: 3/5
   957 | D:1      | Reached XP level 3. HP: 28/28 MP: 4/6
   962 | D:1      | Learned a level 3 spell: Conjure Flame
  1038 | D:2      | Slain by a kobold

Illustrated notes

Levels and vault maps discovered:
D:1:      dpeg_arrival_caged_fury, layout_basic, minmay_liquid_box
D:2:      layout_basic, xom_teletrap_fun, cheibriados_altar_1, serial_forest,
          infiniplex_forest_straight_4, infiniplex_forest_clump_tiny,
          infiniplex_forest_lined_2, infiniplex_forest_clump_tiny,
          infiniplex_forest_lined_2, infiniplex_forest_clump_long,
          due_unseen_surprise

Action                   || total
-------------------------++-------
Melee: Unarmed           ||    10
       Hand axe          ||    13
 Cast: Foxfire           ||    34
 Abil: Spit Poison       ||     1
  Use: Potion            ||     2
Armor: Robe              ||    14
Dodge: Dodged            ||    45

Table legend: (Time is in decaauts)
 A = Elapsed time spent in this place.
 B = Non-inter-level travel time spent in this place.
 C = Inter-level travel time spent in this place.
 D = Time resting spent in this place.
 E = Time spent auto-exploring this place.
 F = Levels seen in this place.
 G = Mean time per level.
                   A        B        C        D        E       F      G
               +--------+--------+--------+--------+--------+-----+--------+
         Total |   1231 |   1231 |      0 |    429 |    505 |   2 |  615.5 |
       Dungeon |   1231 |   1231 |      0 |    429 |    505 |   2 |  615.5 |
               +--------+--------+--------+--------+--------+-----+--------+

Top non-repeatable levels by time:
     D:1: 1205 daAuts
     D:2: 26 daAuts
